 Dungeon Crawl Stone Soup version 0.18-a0-721-g8fc53f4 (webtiles) character file.

50 Sixotanaka the Conjurer (level 3, -3/21 HPs)
             Began as an Octopode Conjurer on Dec 8, 2015.
             Slain by an orc wizard
             ... wielding a +0 dagger
              (5 damage)
             ... on level 2 of the Dungeon.
             The game lasted 00:03:16 (1984 turns).

Sixotanaka the Conjurer (Octopode Conjurer)         Turns: 1984, Time: 00:03:16

Health: -3/21      AC:  1    Str: 12    XL:     3   Next: 79%
Magic:  1/6        EV: 12    Int: 18    God:
Gold:   91         SH:  0    Dex: 12    Spells: 3 memorised, 0 levels left

rFire  + . .     SeeInvis .     h - +0 dagger
rCold  + . .     Clarity  .     (no shield)
rNeg   . . .     SustAt   .     (helmet restricted)
rPois  +         Gourm    .     (no amulet)
rElec  +         Spirit   .     (no ring)
rCorr  +         Dismiss  .     (no ring)
rMut   .         Stasis   .     (no ring)
MR     .....                    (no ring)
Stlth  +++.......               (no ring)
                                (no ring)
                                (no ring)
                                (no ring)

@: mighty, resistant, not resistant to hostile enchantments, fairly stealthy
A: almost no armour, amphibious, 8 rings, constrict 8, camouflage 1, gelatinous
body 1
a: no special abilities


You were on level 2 of the Dungeon.
You were not hungry.

You visited 1 branch of the dungeon, and saw 3 of its levels.

You collected 91 gold pieces.


Innate Abilities, Weirdness & Mutations

You cannot wear most types of armour.
You are amphibious.
You can wear up to eight rings at the same time.
You can use your tentacles to constrict eight enemies at once.
Your skin changes colour to match your surroundings (Stealth).
Your rubbery body absorbs attacks (AC +1).


   Skills:
 - Level 2.0 Dodging
 - Level 2.6 Stealth
 - Level 2.0 Spellcasting
 + Level 5.3 Conjurations


You couldn't memorise any spells.
You knew the following spells:

 Your Spells              Type           Power        Failure   Level  Hunger
c - Dazzling Spray        Conj/Hex       ##......     21%         3    ###....
x - Searing Ray           Conj           ###...       3%          2    ###....
z - Magic Dart            Conj           ###.         1%          1    #......


Dungeon Overview and Level Annotations

Branches:
Dungeon (3/15)

Altars:
Ashenzari
Cheibriados

Annotations:
D:1 exclusion: gnoll

Inventory:

Hand Weapons
 h - a +0 dagger (weapon)
Scrolls
 c - a scroll of fog {unknown}
 d - a scroll of fear {unknown}
 e - a scroll of remove curse {@r2}
 g - a scroll of teleportation {@r4}
 k - a scroll of recharging {unknown}
 l - a scroll of enchant armour {unknown}
 n - a scroll of identify {@r1}
Potions
 o - a potion of poison {!q}
Books
 a - a book of Conjurations
Comestibles
 b - 2 bread rations
 f - 4 meat rations
 i - a beef jerky
 m - a chunk of flesh

#.### ####.# #.#
#.# #.# #.# #.#
#.# #.# #.# #.#
#.# #.# ##.# #o#
#... #@# #..#
##o## ##### ###..#
#...####...#
#.....
#.....((...#
#.#.##
#...####...###.#.#
##### #...##...#.#
#.#..#.#...##
#...........#
#.####(####.#


You could see an orc wizard and an orc.


Message History

Some of the chunks of flesh in your inventory have rotted away.
There is a stone staircase leading down here.
Memorise Dazzling Spray, consuming 3 spell levels and leaving 0?
You start memorising the spell.
You continue memorising.
You continue memorising. x2
You finish memorising.
Spell assigned to 'c'.
You climb downwards.
An adder, 3 orcs and 2 orc wizards come into view.
There is a stone staircase leading up here.
Casting: Magic Dart
Aiming: Dazzling Spray
Aim: an orc, wielding a flail (resting)
The spray of energy hits the orc.
The orc shouts!
The orc is dazzled.
The spray of energy hits the orc wizard.
The orc wizard shouts!
The orc wizard is dazzled.
The spray of energy hits the orc.
You kill the orc!
The orc shouts!
The orc wizard shouts!
The orc barely misses you. The orc wizard casts a spell at you.
The puff of frost misses you.
Casting: Dazzling Spray
Aiming: Dazzling Spray
Aim: an orc, wielding a flail (severely wounded, blind)
The spray of energy hits the orc.
You kill the orc!
The spray of energy misses the orc wizard.
The orc wizard hits you with a dagger. The orc wizard barely misses you.
You climb upwards.
There is a stone staircase leading down here.
You hit the orc wizard but do no damage.
Your grab misses the orc wizard. The orc hits you.
The orc wizard hits you with a dagger.
You hit the orc wizard but do no damage.
You grab the orc wizard.
You constrict the orc wizard, but do no damage.
The orc closely misses you. The orc wizard hits you with a dagger.
Unknown command.
You hit the orc wizard but do no damage.
You constrict the orc wizard.
The orc wizard is no longer blind.
The orc misses you.
The orc wizard gestures at you while chanting.
The puff of flame hits you!
* * * LOW HITPOINT WARNING * * *
Drink which item? (? for menu, Esc to quit)
Okay, then.
Read which item? (? for menu, Esc to quit)
As you read the scroll labeled HENKOSHAYMO, it crumbles to dust.
It is a scroll of identify.
Identify which item? (\ to view known items) (? for menu, Esc to quit)
o - a potion of poison You constrict the orc wizard.
The orc closely misses you. The orc wizard barely misses you.
Read which item? (? for menu, Esc to quit)
Okay, then.
Drink which item? (? for menu, Esc to quit)
It was a potion of resistance.
You feel protected.
You constrict the orc wizard, but do no damage.
The orc barely misses you.
The orc wizard hits you but does no damage.
Drink which item? (? for menu, Esc to quit)
It was a potion of might.
You feel very mighty all of a sudden.
You constrict the orc wizard. The orc barely misses you.
The orc wizard hits you with a dagger.
You die...

Action                   || total
-------------------------++-------
Melee: Dagger            ||    18
 Cast: Magic Dart        ||    49
       Searing Ray       ||     2
       Dazzling Spray    ||     2
  Use: Scroll            ||     3
       Potion            ||     2
 Stab: Sleeping          ||     1
  Eat: Chunk             ||     4

Vault maps used:
D:1:      roderic_chinese_lattice_arrival
D:2:      nicolae_ashenzari_panopticon, old_standard_altar, first_bread
D:3:      grunt_temple_overflow_forces_of_nature,
          gammafunk_temple_overflow_wave, zin_academy, minmay_hedge_maze,
          led_xom_imps

Notes
Turn   | Place    | Note
--------------------------------------------------------------
     0 | D:1      | Sixotanaka the Octopode Conjurer began the quest for the Orb.
     0 | D:1      | Reached XP level 1. HP: 11/11 MP: 3/3
   450 | D:1      | Reached XP level 2. HP: 17/17 MP: 1/5
   787 | D:1      | Learned a level 2 spell: Searing Ray
  1308 | D:2      | Reached XP level 3. HP: 21/21 MP: 1/6
  1377 | D:2      | Found a shattered altar of Ashenzari.
  1422 | D:2      | Reached skill level 5 in Conjurations
  1472 | D:2      | Found a snail-covered altar of Cheibriados.
  1973 | D:2      | Learned a level 3 spell: Dazzling Spray
  1981 | D:2      | HP: 2/21 [orc wizard/puff of flame (10)]
  1984 | D:2      | Slain by an orc wizard

Vanquished Creatures
  An adder (D:2)
  A worm (D:2)
  2 orcs (D:3)
  2 giant cockroaches (D:2)
  4 goblins
  5 hobgoblins
  2 jackals (D:2)
  4 kobolds (D:2)
  2 quokkas (D:2)
  4 bats
  6 rats
33 creatures vanquished.
